 Dungeon Crawl Stone Soup version 0.30.1-4-g462c640d31 (webtiles) character file.

Game seed: 4103894707351914424

5917 Mune the Cleaver (level 10, -7/81 HPs)
             Began as a Minotaur Berserker on Aug 12, 2023.
             Was a Priest of Trog.
             Mangled by Urug
             ... wielding a +8 eveningstar
              (15 damage)
             ... on level 10 of the Dungeon.
             The game lasted 00:13:58 (7955 turns).

Mune the Cleaver (Minotaur Berserker)               Turns: 7955, Time: 00:13:59

Health: -7/81      AC: 23    Str: 25    XL:     10   Next: 53%
Magic:  9/9        EV:  9    Int:  4    God:    Trog [***...]
Gold:   340        SH:  0    Dex: 11    Spells: 9/9 levels left

rFire   . . .        w - +0 war axe
rCold   . . .        (no shield)
rNeg    . . .        y - +0 plate armour
rPois   +            (helmet restricted)
rElec   .            z - +0 cloak
rCorr   .            (no gloves)
SInv    .            G - +0 pair of boots
Will    ++...        (no amulet) Stlth
                     e - ring of poison resistance
HPRegen 1.33/turn    x - +4 ring of protection
MPRegen 0.11/turn

%: no passive effects
@: strong-willed, on berserk cooldown, regenerating, slowed, very slow
A: horns 2, retaliatory headbutt
a: Renounce Religion, Berserk, Trog's Hand


You were on level 10 of the Dungeon.
You worshipped Trog.
Trog was most pleased with you.
You visited 1 branch of the dungeon, and saw 10 of its levels.

You collected 340 gold pieces.

Inventory:

Hand Weapons
 a - a +0 hand axe
 g - a +1 vampiric whip
 w - a +0 war axe (weapon)
Missiles
 F - a throwing net
Armour
 y - a +0 plate armour (worn)
 z - a +0 cloak (worn)
 G - a +0 pair of boots (worn)
Jewellery
 e - a ring of poison resistance (left hand)
 x - a +4 ring of protection (right hand)
Wands
 o - a wand of roots (9)
 s - a wand of flame (17) (quivered)
 H - a wand of light (20)
 I - a wand of charming (11)
Scrolls
 b - a scroll of fear {unknown}
 c - 5 scrolls of teleportation {unknown}
 i - 2 scrolls of fog {unknown}
 j - a scroll of poison {unknown}
 m - a scroll of vulnerability {unknown}
 n - 6 scrolls of identify {unknown}
 r - 2 scrolls of enchant weapon {unknown}
 t - a scroll of amnesia {unknown}
 u - 2 scrolls of immolation {unknown}
 A - a scroll of enchant armour {unknown}
 B - a scroll of summoning {unknown}
 D - 3 scrolls of blinking {unknown}
 E - a scroll of acquirement {unknown}
 J - a scroll of silence {unknown}
Potions
 d - 4 potions of curing {unknown}
 f - 2 potions of degeneration {unknown}
 h - 2 potions of attraction {unknown}
 k - 3 potions of heal wounds {unknown}
 l - 3 potions of might {unknown}
 p - a potion of magic {unknown}
 q - 3 potions of lignification {unknown}
 v - 6 potions of mutation {unknown}
 C - 2 potions of brilliance {unknown}


   Skills:
 - Level 5.2 Fighting
 * Level 13.3 Axes
 * Level 13.0 Armour
 - Level 4.0 Dodging


You had 9 spell levels left.
You didn't know any spells.
Your spell library was empty.

Dungeon Overview and Level Annotations

Branches:
Dungeon (10/15)            Temple (0/1) D:7            Lair (0/5) D:10
    Orc (0/2) D:9

Altars:
Dithmenos
Gozag
Hepliaklqana
Makhleb
Qazlal
Ru
Sif Muna
Uskayaw
Vehumet
The Shining One

Shops:
D:8 **

Annotations:
D:10 Urug


Innate Abilities, Weirdness & Mutations

You have a pair of horns on your head.
You reflexively headbutt those who attack you in melee.


Message History

You are engulfed in a cloud of scalding steam.
Urug the Orcish Ballista comes into view.
She is wielding a +8 eveningstar.
The steam dragon bites you but does no damage.
The steam dragon claws you but does no damage.
Your ogre is engulfed in a cloud of scalding steam.
You see here 12 gold pieces.
Found a metallic dark potion and a ring of poison resistance.
Found a staircase to the Lair.
The steam dragon bites you. The steam dragon completely misses you.
The steam dragon bites you but does no damage.
The steam dragon closely misses you.
Your skin crawls.
You feel strong-willed.
Your ogre disappears in a puff of smoke!
Urug hits you with a +8 eveningstar.
The steam dragon bites you but does no damage.
The steam dragon claws you but does no damage.
Urug screams, "You are already dead."
Urug hits you with a +8 eveningstar!
You closely miss Urug. You slash the steam dragon!
The steam dragon barely misses you.
The steam dragon claws you but does no damage.
Urug splashes around in the water.
The steam dragon bites you!
The steam dragon claws you but does no damage.
You closely miss Urug. You headbutt Urug, but do no damage.
You hit the steam dragon. Urug hits you with a +8 eveningstar.
The steam dragon breathes steam at you. The ball of steam hits you.
You barely miss Urug.
You hit the steam dragon but do no damage.
You hear the faint creaking of a distant portcullis.
You are engulfed in a cloud of scalding steam.
Urug hits you with a +8 eveningstar!!
* * * LOW HITPOINT WARNING * * *
The steam dragon breathes steam at you.
The ball of steam hits you but does no damage.
You completely miss Urug. You barely miss the steam dragon.
You are engulfed in a cloud of scalding steam.
Urug hits you with a +8 eveningstar!
You die...

.... ≈≈≈§§§..#
##...# ~~~~§§..#
##....§ ~..§§§#.###
#...#§§ ../.~≈....#
#.#..≈~ =##.~≈..#.#
#+...≈~#!#?#~≈..#.##
>....≈oD##$.~≈..!..#
.....≈~@$§.~~≈.†$..#
....#§~§..~≈§#.~...#
......§~~§~§#§.....#
#..(..§§≈≈≈#......<#
##.....#...........#
#.................#
#.......##...#+####
#.......###### #+#


You could see Urug and a steam dragon (catching breath).

Vanquished Creatures
  2 two-headed ogres (D:9)
  A troll (D:9)
  Grinder (D:4)
  A hornet (D:9)
  Sigmund (D:2)
  A basilisk (D:8)
  A yak (D:10)
  A steam dragon (D:10)
  A water moccasin (D:8)
  3 orc warriors
  4 ice beasts
  2 sky beasts (D:10)
  A black bear (D:6)
  2 ogres (D:6)
  2 centaurs
  2 phantoms
  A kobold brigand (D:6)
  3 gnoll sergeants
  A bullfrog (D:9)
  5 scorpions
  8 wights (D:8)
  3 howler monkeys
  Crazy Yiuf (D:2)
  5 orc priests
  7 hounds
  A gnoll bouda (D:5)
  4 iguanas
  5 orc wizards
  10 gnolls
  3 adders
  A shadow imp (D:5)
  3 white imps
  3 dart slugs
  39 orcs
  5 bats
  6 endoplasms
  3 giant cockroaches
  6 goblins
  4 hobgoblins
  A quokka (D:3)
  3 ball pythons
  A frilled lizard (D:2)
  13 kobolds
  4 rats
175 creatures vanquished.

Vanquished Creatures (collateral kills)
  A sky beast (D:10)
1 creature vanquished.

Grand Total: 176 creatures vanquished

Notes
Turn   | Place    | Note
-------+----------+-------------------------------------------
     0 | D:1      | Mune the Minotaur Berserker began the quest for the Orb.
     0 | D:1      | Reached XP level 1. HP: 19/19 MP: 0/0
    34 | D:1      | Found a faded altar of an unknown god.
   385 | D:1      | Reached XP level 2. HP: 27/27 MP: 1/1
  1074 | D:2      | Found a stormy altar of Qazlal.
  1232 | D:2      | Reached XP level 3. HP: 31/33 MP: 2/2
  1350 | D:2      | Reached ** piety under Trog
  1407 | D:2      | Found a runed translucent door.
  1408 | D:2      | Noticed Crazy Yiuf
  1418 | D:2      | Killed Crazy Yiuf
  1571 | D:2      | Noticed Sigmund
  1582 | D:2      | Killed Sigmund
  1583 | D:2      | Reached skill level 5 in Fighting
  1583 | D:2      | Reached skill level 5 in Axes
  1583 | D:2      | Reached XP level 4. HP: 42/42 MP: 3/3
  1583 | D:2      | Reached XP level 5. HP: 48/48 MP: 4/4
  1695 | D:3      | Reached XP level 6. HP: 56/56 MP: 5/5
  2573 | D:4      | Reached skill level 5 in Armour
  2781 | D:4      | Noticed Grinder
  2783 | D:4      | Paralysed by Grinder for 3 turns
  2793 | D:4      | Killed Grinder
  2794 | D:4      | Reached XP level 7. HP: 44/61 MP: 6/6
  3145 | D:5      | Entered Level 5 of the Dungeon
  3414 | D:5      | Reached XP level 8. HP: 60/68 MP: 7/7
  3888 | D:5      | Found an opulent altar of Gozag.
  3941 | D:5      | Found a hazy altar of Hepliaklqana.
  4236 | D:6      | Reached *** piety under Trog
  4326 | D:6      | Found a shimmering blue altar of Sif Muna.
  4566 | D:6      | Reached XP level 9. HP: 68/74 MP: 8/8
  4627 | D:6      | Found a radiant altar of Vehumet.
  4680 | D:6      | Found a burning altar of Makhleb.
  4684 | D:6      | Reached skill level 10 in Axes
  5013 | D:7      | Reached skill level 10 in Armour
  5208 | D:7      | Found a staircase to the Ecumenical Temple.
  5669 | D:8      | Found Vadghosek's Specific Store.
  5671 | D:8      | Found Plog's General Store.
  5877 | D:8      | Reached **** piety under Trog
  6237 | D:8      | Found a stormy altar of Qazlal.
  6246 | D:8      | Found a shadowy altar of Dithmenos.
  6497 | D:9      | Noticed a two-headed ogre
  6506 | D:9      | Killed a two-headed ogre
  6507 | D:9      | Reached XP level 10. HP: 79/81 MP: 9/9
  6867 | D:9      | Found a staircase to the Orcish Mines.
  7030 | D:9      | Noticed a two-headed ogre
  7047 | D:9      | Killed a two-headed ogre
  7679 | D:9      | Found a glowing golden altar of the Shining One.
  7858 | D:9      | Found a hide-covered altar of Uskayaw.
  7858 | D:9      | Found a sacrificial altar of Ru.
  7912 | D:10     | Entered Level 10 of the Dungeon
  7949 | D:10     | Noticed Urug
  7950 | D:10     | Found a staircase to the Lair.
  7955 | D:10     | Mangled by Urug

Illustrated notes

Levels and vault maps discovered:
D:1:      ncdulo_halloftheorcs, layout_loops_corners,
          ebering_ecumenical_altar_ruins, grunt_decor_cap
D:2:      layout_rooms, serial_curves, eino_curves_04, eino_curves_04,
          basic_altar, uniq_crazy_yiuf_cottage, uniq_sigmund
D:3:      layout_basic
D:4:      layout_cave_pods, uniq_grinder
D:5:      layout_loops_cross, nicolae_gozag_seed_capital,
          nzn_hepliaklqana_mist_gate, chequers_serial_rivers_marsh,
          grunt_ministairs_15, minmay_fractal_squares_diagonal_5
D:6:      layout_basic, vehumet_crystals, makhleb_heckhound_becter,
          mainiacjoe_overflow_cross_hatched, hangedman_decor_diamond_cutter,
          hex_intersection, serial_bayou_pond_e
D:7:      layout_rooms, minmay_temple_entry_statues_fountains
D:8:      layout_rooms, nicolae_qazlal_eye_of_the_storm, lemuel_round_altar,
          nicolae_specific_store
D:9:      layout_big_octagon, tso_oasis_becter,
          gammafunk_temple_overflow_elements, david_orc_2,
          hangedman_decor_opposing
D:10:     layout_roguey, lair_entry_dummy, enter_bailey_2,
          chequers_serial_rivers_large_a, hangedman_misty_isle, uniq_urug

Skill      XL: |  1  2  3  4  5  6  7  8  9 10 |
---------------+-------------------------------+-----
Fighting       | 4 5 |  5.2
Axes           | 4 5 6 7 9 12 13 | 13.3
Armour         | 3 4 6 7 9 11 13 | 13.0
Dodging        | 3 4 |  4.0

Action                     |  1- 3 |  4- 6 |  7- 9 | 10-12 || total
---------------------------+-------+-------+-------+-------++-------
  Melee: Hand axe          |    58 |    37 |       |       ||    95
         Headbutt          |     6 |     6 |    27 |    10 ||    49
         Punch             |     2 |       |       |       ||     2
         War axe           |       |    55 |   251 |    66 ||   372
  Throw: Throwing net      |       |       |     1 |       ||     1
 Invoke: Berserk           |     2 |     2 |     4 |     2 ||    10
         Trog's Hand       |     1 |     1 |     3 |     2 ||     7
         Brothers in Arms  |       |       |       |     1 ||     1
  Evoke: Wand              |       |       |       |     5 ||     5
   Stab: Sleeping          |     1 |     1 |       |       ||     2
 Armour: Animal skin       |     8 |     6 |       |       ||    14
         Plate armour      |       |       |   181 |    62 ||   243
  Dodge: Dodged            |    31 |    51 |   133 |    27 ||   242
